 Dungeon Crawl Stone Soup version 0.28.0-47-ge53b351184 (webtiles) character file.

Game seed: 978942241311180901

1543 Peloso the Carver (level 8, -4/71 HPs)
             Began as a Minotaur Fighter on Apr 30, 2022.
             Was an Initiate of Okawaru.
             Slain by an orc warrior
             ... wielding a +0 vorpal dire flail
              (5 damage)
             ... on level 7 of the Dungeon.
             The game lasted 00:09:15 (5392 turns).

Peloso the Carver (Minotaur Fighter)                Turns: 5392, Time: 00:09:16

Health: -4/71      AC: 10    Str: 20    XL:     8   Next: 56%
Magic:  7/7        EV:  8    Int:  5    God:    Okawaru [......]
Gold:   361        SH:  5    Dex: 13    Spells: 7/7 levels left

rFire   + + .      SeeInvis .   a - +1 long sword
rCold   + . .      Faith    .   c - +0 buckler
rNeg    . . .      Spirit   .   w - +0 chain mail
rPois   .          Reflect  .   (helmet restricted)
rElec   .          Harm     .   o - scarf {rC+ rF+}
rCorr   .          Rampage  .   (no gloves)
Will    .....                   (no boots)
Stlth   ..........              (no amulet)
HPRegen 0.21/turn               g - ring of protection from fire
MPRegen 0.10/turn               (no ring)

@: no status effects
A: horns 2, retaliatory headbutt
a: Renounce Religion


You were on level 7 of the Dungeon.
You worshipped Okawaru.
Okawaru was noncommittal.
You visited 2 branches of the dungeon, and saw 8 of its levels.

You collected 361 gold pieces.

Inventory:

Hand Weapons
 a - a +1 long sword (weapon)
Missiles
 q - a throwing net (quivered)
Armour
 b - a +0 scale mail
 c - a +0 buckler (worn)
 o - a scarf of resistance (worn)
 w - a +0 chain mail (worn)
Jewellery
 g - a ring of protection from fire (left hand)
 h - a ring of protection from fire
 n - a +6 ring of intelligence
Wands
 i - a wand of paralysis (12)
Scrolls
 m - 4 scrolls of teleportation
 p - a scroll of silence {unknown}
 t - 3 scrolls of acquirement
 x - 2 scrolls of amnesia {unknown}
Potions
 d - a potion of might
 e - 2 potions of resistance
 f - a potion of curing
 j - 3 potions of haste
 k - a potion of invisibility {unknown}
 l - 2 potions of mutation
 r - a potion of flight {unknown}
 s - a potion of ambrosia {unknown}
 u - a potion of attraction {unknown}
 z - a potion of lignification {unknown}
 A - a potion of degeneration {unknown}


   Skills:
 + Level 6.9 Fighting
 + Level 8.1 Long Blades
 + Level 7.2 Armour
 + Level 2.7 Dodging
 + Level 1.5 Stealth
 + Level 5.3 Shields


You had 7 spell levels left.
You didn't know any spells.
Your spell library contained the following spells:

 Spells                   Type           Power      Damage    Failure   Level
 Beastly Appendage        Tmut           0%         N/A       99%         1
 Magic Dart               Conj           0%         1d3       99%         1
 Searing Ray              Conj           0%         2d4       100%        2
 Wereblood                Tmut           0%         N/A       100%        2
 Spider Form              Tmut/Pois      0%         N/A       100%        3
 Fulminant Prism          Conj/Hex       0%         3d6       100%        4
 Leda's Liquefaction      Hex/Erth       0%         N/A       100%        4
 Lee's Rapid Deconstruct  Erth           0%         3d5*      100%        5
 Statue Form              Tmut/Erth      0%         N/A       100%        6
 Summon Small Mammal      Summ           Unusable   N/A       N/A         1
 Call Canine Familiar     Summ           Unusable   N/A       N/A         3
 Summon Guardian Golem    Hex/Summ       Unusable   N/A       N/A         3

Dungeon Overview and Level Annotations

Branches:
Dungeon (7/15)             Temple (1/1) D:5

Altars:
Ashenzari
Cheibriados
Dithmenos
Elyvilon
Fedhas
Gozag
Hepliaklqana
Makhleb
Okawaru
Qazlal
Ru
Uskayaw
Wu Jian
Xom
Yredelemnul
Zin
The Shining One


Innate Abilities, Weirdness & Mutations

You have a pair of horns on your head.
You reflexively headbutt those who attack you in melee.


Message History

You hit the orc warrior but do no damage.
The orc warrior is moderately wounded.
The orc barely misses you.
The orc warrior hits you but does no damage.
You slash the orc warrior!
The orc warrior is heavily wounded.
You block the orc's attack.
The orc warrior hits you with a +0 vorpal dire flail!
You barely miss the orc warrior.
The orc warrior is heavily wounded.
You block the orc's attack.
The orc warrior hits you with a +0 vorpal dire flail!
You barely miss the orc warrior.
The orc warrior is heavily wounded.
The orc hits you but does no damage.
The orc warrior hits you with a +0 vorpal dire flail!
You hit the orc warrior but do no damage.
The orc warrior is heavily wounded.
The orc completely misses you. The orc warrior closely misses you.
Unknown command.
You barely miss the orc.
The orc is lightly wounded.
You block the orc's attack. The orc warrior barely misses you.
Unknown command.
You completely miss the orc.
The orc is lightly wounded.
The orc hits you but does no damage.
An orc comes into view. It is wielding a +0 mace.
Unknown command.
The orc shouts!
You hit the orc warrior but do no damage.
You headbutt the orc warrior.
The orc warrior is severely wounded.
The orc hits you but does no damage.
Unknown command.
The orc warrior hits you with a +0 vorpal dire flail!
* * * LOW HITPOINT WARNING * * *
x2 The orc warrior hits you with a +0 vorpal dire flail!
* * * LOW HITPOINT WARNING * * *
You die...

# #..######### # #
#..........# .# #
###.......##.######.#.#
..........##.#........#
..........##..........#
...#......####.#....#.#
####..####.. #.#.##.# #
#...# .#.#.#.# #
#####..# .# #.#@#
....#..# #.#.#o##
###.##.# #.....o# # #.#
.. #.#.#o.#.# ###.#
#.#o...# ..#.#
###.#.####.. ..#.#
#...........# ..#.#
#.#)#.#####.# ..#.####.
#.#...


You could see an orc warrior and 3 orcs.

Vanquished Creatures
  A water moccasin (D:5)
  An ice beast (D:7)
  An orc warrior (D:5)
  A sky beast (D:7)
  2 necrophages
  A centaur (D:5)
  A phantom (D:4)
  3 scorpions
  A water moccasin skeleton (D:5)
  A howler monkey (D:5)
  A crimson imp (D:7)
  2 hounds (D:7)
  A bullfrog zombie (D:6)
  A centaur skeleton (D:6)
  2 orc priests
  A centaur zombie (D:5)
  A bullfrog skeleton (D:5)
  A scorpion zombie (D:5)
  An iguana (D:3)
  2 orc wizards (D:7)
  8 adders
  A gnoll (D:4)
  A white imp (D:6)
  An ufetubus (D:7)
  An adder zombie (D:5)
  3 worms
  2 dart slugs
  14 orcs
  5 bats
  4 endoplasms
  6 giant cockroaches
  8 goblins
  6 hobgoblins
  2 jackals (D:4)
  2 quokkas
  11 ball pythons
  A frilled lizard (D:2)
  6 kobolds
  4 rats
112 creatures vanquished.

Vanquished Creatures (others)
  A scorpion (D:5)
1 creature vanquished.

Grand Total: 113 creatures vanquished

Notes
Turn   | Place    | Note
-------+----------+-------------------------------------------
     0 | D:1      | Peloso the Minotaur Fighter began the quest for the Orb.
     0 | D:1      | Reached XP level 1. HP: 19/19 MP: 0/0
   168 | D:1      | Reached XP level 2. HP: 24/27 MP: 1/1
   725 | D:2      | Reached XP level 3. HP: 33/33 MP: 2/2
   974 | D:2      | Reached skill level 3 in Long Blades
   977 | D:2      | Reached XP level 4. HP: 39/41 MP: 3/3
  1798 | D:4      | Noticed a necrophage
  1803 | D:4      | Killed a necrophage
  1804 | D:4      | Reached skill level 5 in Armour
  1804 | D:4      | Reached skill level 1 in Dodging
  1804 | D:4      | Reached XP level 5. HP: 38/47 MP: 4/4
  1814 | D:4      | Reached skill level 4 in Long Blades
  2142 | D:4      | Noticed a phantom
  2150 | D:4      | Killed a phantom
  2151 | D:4      | Reached skill level 5 in Fighting
  2151 | D:4      | Reached XP level 6. HP: 28/56 MP: 5/5
  2383 | D:4      | Found a hazy altar of Hepliaklqana.
  2394 | D:4      | Found a shimmering altar of Xom.
  2398 | D:4      | Found a blossoming altar of Fedhas.
  2854 | D:5      | Entered Level 5 of the Dungeon
  2931 | D:5      | Noticed a water moccasin
  2943 | D:5      | Killed a water moccasin
  2944 | D:5      | Reached skill level 5 in Long Blades
  2947 | D:5      | Reached skill level 5 in Shields
  2952 | D:5      | Reached XP level 7. HP: 45/62 MP: 6/6
  3193 | D:5      | Reached skill level 6 in Long Blades
  3840 | D:5      | Found a staircase to the Ecumenical Temple.
  3891 | Temple   | Entered the Ecumenical Temple
  3971 | Temple   | Became a worshipper of Warmaster Okawaru
  3992 | D:5      | Identified 3 scrolls of acquirement
  4030 | D:6      | Reached skill level 7 in Long Blades
  4030 | D:6      | Reached skill level 1 in Stealth
  4030 | D:6      | Reached XP level 8. HP: 71/71 MP: 7/7
  4578 | D:6      | Paralysed by an orc wizard for 7 turns
  4594 | D:7      | Paralysed by something for 6 turns
  4927 | D:6      | Found a burning altar of Makhleb.
  5317 | D:7      | Reached skill level 8 in Long Blades
  5392 | D:7      | HP: 1/71 [orc warrior/+0 vorpal dire flail (15)]
  5392 | D:7      | Slain by an orc warrior

Illustrated notes

Levels and vault maps discovered:
D:1:      co_arrival_two_rings, layout_rooms, hangedman_decor_push
D:2:      layout_rooms
D:3:      layout_basic, minmay_misc_feat_cross, kennysheep_generic_room_14
D:4:      layout_loops_ring, minmay_overflow_temple_star_quad, minmay_pentangle
D:5:      layout_rooms, lemuel_temple_firewalk_a, grunt_decor_mini_mirrors
D:6:      layout_cave_pools, makhleb_grotto_becter
D:7:      lemuel_ice_spiral_2, layout_basic
Temple:   eino_temple_rhombus

Skill      XL: |  1  2  3  4  5  6  7  8 |
---------------+-------------------------+-----
Armour         | 4 5 6 7 |  7.2
Shields        | 4 5 |  5.3
Fighting       | 4 5 6 |  6.9
Long Blades    | 3 4 5 7 8 |  8.1
Dodging        | 1 2 |  2.7
Stealth        | 1 |  1.5

Action                   |  1- 3 |  4- 6 |  7- 9 || total
-------------------------+-------+-------+-------++-------
Melee: Long sword        |    60 |   111 |   129 ||   300
       Headbutt          |     6 |    17 |    27 ||    50
Evoke: Wand              |       |       |     1 ||     1
  Use: Scroll            |     2 |     2 |     2 ||     6
       Potion            |       |       |     4 ||     4
 Stab: Distracted        |       |     1 |       ||     1
       Paralysed         |       |       |     5 ||     5
Armor: Scale mail        |    36 |    36 |    16 ||    88
       Chain mail        |       |       |   116 ||   116
Dodge: Dodged            |    49 |    49 |    86 ||   184
Block: Buckler           |    16 |    31 |    37 ||    84
